Markus, neutral female human Wizard --- ------ ---.--- --.|..| |.....-- |.....--- ---.....[| ---- --.--...--|........# --..-- ------..-|.......--## |....---- -----------....|--.....| --......-- |..-->|.--..[|.| --....| |.......---- --............|.| |....-- --...^......-- --............+..-- |.....| |.......[....| |..........[).....|--.....|--- --....^...<..-- --...........).[..||.....---.----- ---.--.......| --..............---....---...--.---- ---|..---.-- |.............)--.%...||........|.---- ----.-- -- --.........-....[.)...---.............-----^...| --...........*...[.........)(..[.........||.....--- |.............*.*.......----..........f@f--..-....| |......................-| --.......@..:..........| |..............))..(....| |....|).[+..d.......--- ..|..--..|.--.|.--[--.|.-- --.--|..--.--.------- -------------------------- --- ---------- Markus the Thaumaturge Experience level: 7 Strength: 10 Dexterity: 15 Constitution: 17 Intelligence: 17 Wisdom: 12 Charisma: 9 Health: 0(61) Energy: 80(80) Def: 9 Gold: 180 Moves: 7258 Dungeon seed: 8LiYdY0CaIfnddak Game ID: Markus_1574262475 Your Inventory: Coins $ - 180 gold pieces Amulets H - an uncursed amulet versus poison (being worn) Weapons a - a blessed +2 quarterstaff (weapon in hands) Z - 11 blessed +1 darts Armor e - an uncursed +0 cloak of magic resistance (being worn) q - a cursed +0 cloak of magic resistance r - an uncursed +0 elven cloak y - an uncursed +0 studded leather armor (being worn) F - an uncursed +0 dwarvish iron helm (being worn) P - a blessed +1 pair of iron shoes (being worn) Scrolls d - an uncursed scroll of light Y - a cursed scroll of teleportation Rings c - an uncursed ring of searching f - an uncursed ring of sustain ability h - a cursed ring of slow digestion o - a cursed ring of polymorph t - an uncursed ring of regeneration (on right hand) w - an uncursed ring of shock resistance (on left hand) Wands b - a wand of magic missile (0:2) i - a cursed wand of probing (0:7) K - a wand of opening (0:4) M - a wand of light (0:15) U - a wand of sleep (0:7) Tools j - a cursed magic lamp (lit) m - an uncursed blindfold n - an uncursed skeleton key s - 11 uncursed tallow candles (0:200) u - a +0 unicorn horn v - an uncursed sack X - 4 uncursed wax candles (0:400) Contents of the sack: 900 gold pieces 2 uncursed scrolls of confuse monster 2 uncursed scrolls of destroy armor an uncursed scroll of food detection a blessed scroll of identify 2 uncursed scrolls of identify a blessed scroll of light an uncursed scroll of remove curse a cursed scroll of remove curse an uncursed scroll of scare monster an uncursed spellbook of charm monster an uncursed spellbook of detect monsters a blessed spellbook of force bolt an uncursed spellbook of levitation an uncursed spellbook of sleep an uncursed spellbook of slow monster a blessed potion of confusion a potion of holy water a blessed potion of levitation 2 uncursed potions of see invisible an uncursed potion of water an uncursed ring of conflict an uncursed +1 ring of increase accuracy an uncursed ring of invisibility an uncursed ring of polymorph control an uncursed ring of polymorph control an uncursed ring of regeneration an uncursed ring of see invisible an uncursed ring of shock resistance an uncursed ring of warning Spells and supernatural/magical abilities: Name Level Category Fail Memory a - force bolt 1 attack 10% 64% e - charm monster 3 enchantment 23% 95% n - detect monsters 1 divination 10% 64% s - slow monster 2 enchantment 10% 96% w - wizard lock 2 matter 73% 100% z - sleep 1 enchantment 10% 95% W - pray for help -- divine ? -- Your skills at the end: Fighting Skills Weapon Skills quarterstaff [Skilled] Spellcasting Skills attack spells [Basic] enchantment spells [Basic] Final Attributes: You were piously aligned. You were sleep resistant. You were shock resistant. You were poison resistant. You were magic-protected. You were telepathic. You regenerated. You are dead (2nd time!). Vanquished creatures: 3 ghosts 2 small mimics a tengu an elf mummy an ettin zombie a leather golem 2 giant beetles an iron piercer a giant spider 3 gnome kings an ogre a brown pudding a Green-elf a black unicorn 2 gnome mummies a snake a soldier ant a quasit a rock mole a fog cloud 2 yellow lights 5 gnome lords 4 gnomish wizards 2 kobold mummies 2 gray oozes an elf zombie a giant ant a little dog 2 floating eyes 2 kittens 7 dwarves 2 kobold shamans 6 rothes a giant bat 3 orc zombies 2 dwarf zombies 2 wererats 3 iguanas 3 coyotes 2 hobbits 4 hobgoblins 4 cave spiders a yellow mold 3 red molds 19 gnomes 3 garter snakes 2 geckos 6 jackals a fox 2 kobolds a goblin 4 sewer rats 12 grid bugs a bat 5 lichens a kobold zombie 8 newts 157 creatures vanquished. Voluntary challenges: You had followed a strict vegetarian diet until turn 2215. You had been an atheist until turn 4809. You used a wielded weapon 156 times, starting on turn 80. You read items or engraved 21 times, starting on turn 2. You never genocided any monsters. You never polymorphed an object. You never changed form. You used no wishes. You never split a pudding. You wrote Elbereth's name 4 times, starting on turn 4736. You never violated your personal moral code. Dungeon overview: The Dungeons of Doom: levels 1 to 4 Level 1 some fountains a long staircase Level 2 a general store, a fountain Level 3 a general store stairs to The Gnomish Mines Level 4 a jewelry store The Gnomish Mines: levels 4 to 8 Level 4 stairs to The Dungeons of Doom Level 5 Level 6 Level 7 many shops, a temple to Anhur, some fountains Level 8 <- You were here History has recorded: On T:1 you entered the Dungeons of Doom to retrieve the Amulet of Yendor! On T:312 you reached level 2 of The Dungeons of Doom. On T:1214 you advanced to experience level 2. On T:1288 you reached level 3 of The Dungeons of Doom. On T:2019 you advanced to experience level 3. On T:2375 you reached level 4 of The Dungeons of Doom. On T:2770 you advanced to experience level 4. On T:3598 you advanced to experience level 5. On T:3609 you reached level 1 of The Gnomish Mines. On T:4164 you reached level 2 of The Gnomish Mines. On T:4182 you advanced to experience level 6. On T:4616 you reached level 3 of The Gnomish Mines. On T:4915 you were saved from death by your amulet of life saving! On T:5457 you reached level 4 of The Gnomish Mines. On T:5517 you advanced to experience level 7. On T:6783 you reached level 5 of The Gnomish Mines. Score breakdown: Gold: 1080 (10320 points) Experience: 7 levels (13645 points) Exploration: 8 levels ( 17.78%) (11965 points) Discoveries: 38 items ( 13.19%) (10897 points) Valuables value: (no points given unless you survive) Artifact value: 0 ( 0 points) Variety of kills: 57 monsters ( 14.96%) (11603 points) Turncount: 7258 turns (-1905 points) Survival: died (score multiplied by 80%) Total score: 45220 Latest messages: You read: "Orko, killed by a hallucinogen-distorted white unicorn". There are several objects here. The large dog picks up a tin whistle. You see here a mummy wrapping. The large dog drops a tin whistle. The large cat picks up a tin whistle. You stop running. The crocodile bites! The crocodile hits! You hit the crocodile! The crocodile just misses! The crocodile hits! The crocodile bites! The crocodile hits! You take off your ring of searching. You are now wearing a ring of regeneration. A board beneath the crocodile squeaks loudly. The crocodile bites! The crocodile hits! You die... Final status: Goodbye Markus the Wizard, killed by a crocodile... You died in The Gnomish Mines on dungeon level 8 with 45220 points, and 1080 pieces of gold, after 7258 moves. You were level 7 with a maximum of 61 hit points when you died.